 Dungeon Crawl Stone Soup version 0.28.0 (webtiles) character file.

Game seed: 12644785829299512011

18314 Dirian the Carver (level 12, -7/106 HPs)
             Began as a Minotaur Fighter on Feb 12, 2022.
             Was an Elder of Trog.
             Mangled by a blink frog (13 damage)
             ... on level 2 of the Lair of Beasts.
             The game lasted 00:24:24 (12571 turns).

Dirian the Carver (Minotaur Fighter)               Turns: 12571, Time: 00:24:25

Health: -7/106     AC: 12    Str: 28    XL:     12   Next: 26%
Magic:  11/11      EV: 12    Int:  5    God:    Trog [****..]
Gold:   836        SH:  7    Dex: 14    Spells: 11/11 levels left

rFire   . . .      SeeInvis .   a - +4 scimitar (flame)
rCold   . . .      Faith    .   c - +1 buckler
rNeg    . . .      Spirit   .   s - +0 chain mail
rPois   .          Reflect  .   (helmet restricted)
rElec   .          Harm     .   v - scarf {repulsion}
rCorr   +          Rampage  .   n - +0 pair of gloves
Will    ++...                   (no boots)
Stlth   ..........              (no amulet)
HPRegen 1.27/turn               l - ring of resist corrosion
MPRegen 0.12/turn               f - +6 ring of strength

@: strong-willed, regenerating, repel missiles
A: horns 2, retaliatory headbutt
a: Renounce Religion, Berserk, Trog's Hand, Brothers in Arms


You were on level 2 of the Lair of Beasts.
You worshipped Trog.
Trog was greatly pleased with you.
You visited 2 branches of the dungeon, and saw 12 of its levels.
You also visited: Bailey.

You collected 860 gold pieces.
You spent 24 gold pieces at shops.

Inventory:

Hand Weapons
 a - a +4 scimitar of flaming (weapon)
 b - a +0 hunting sling
 g - a +0 scimitar
Missiles
 e - 71 sling bullets
 u - 251 stones (quivered)
 C - 2 throwing nets
Armour
 c - a +1 buckler (worn)
 n - a +0 pair of gloves (worn)
 s - a +0 chain mail (worn)
 v - a scarf of repulsion (worn)
 y - the +1 scale mail of Eclos {rPois rF+ MP+9 Int+3}
   (You found it in a bailey)

   Int:       It affects your intelligence (+3).
   rF:        It protects you from fire.
   rPois:     It protects you from poison.
   MP:        It affects your magic capacity (+9).
Jewellery
 f - a +6 ring of strength (right hand)
 l - a ring of resist corrosion (left hand)
Wands
 A - a wand of paralysis (4)
 H - a wand of charming (1)
Scrolls
 m - 3 scrolls of immolation
 p - 4 scrolls of fear
 r - a scroll of identify
 t - 3 scrolls of teleportation
 x - a scroll of noise
 E - 2 scrolls of brand weapon
Potions
 d - 2 potions of might
 h - 3 potions of haste
 i - 2 potions of attraction
 j - 3 potions of flight
 k - 2 potions of mutation
 o - 4 potions of magic
 q - 6 potions of curing
 w - 5 potions of heal wounds
 z - 3 potions of cancellation
 B - 2 potions of lignification
 D - 5 potions of ambrosia
 F - a potion of invisibility
 G - a potion of berserk rage {unknown}


   Skills:
 + Level 9.6 Fighting
 + Level 12.3 Long Blades
 - Level 10.0 Slings
 * Level 9.5 Armour
 - Level 9.2 Dodging
 - Level 9.8 Shields
 * Level 2.7 Evocations


You had 11 spell levels left.
You didn't know any spells.
Your spell library contained the following spells:

 Spells                   Type           Power      Damage    Failure   Level
 Slow                     Hex            0%         N/A       96%         1
 Call Canine Familiar     Summ           0%         N/A       100%        3
 Confusing Touch          Hex            0%         N/A       100%        3
 Portal Projectile        Hex/Tloc       0%         N/A       100%        3
 Vampiric Draining        Necr           0%         2d6       100%        3
 Leda's Liquefaction      Hex/Erth       0%         N/A       100%        4


Dungeon Overview and Level Annotations

Branches:
Dungeon (10/15)            Temple (0/1) D:6            Lair (2/6) D:10
  Snake (0/4) Lair:2       Bailey (visited)
  Swamp: Lair:2-4    Shoals: Lair:2-4       Orc: D:9-12

Altars:
Hepliaklqana
Nemelex Xobeh
Ru
Trog
Vehumet
Zin

Shops:
D:1 =   D:4 *


Innate Abilities, Weirdness & Mutations

You have a pair of horns on your head.
You reflexively headbutt those who attack you in melee.


Message History

You feel sick. The blink frog barely misses you.
The blink frog blinks!
You block the blink frog's attack.
The blink frog blinks!
You miss the blink frog. You headbutt the blink frog!
The blink frog is moderately wounded.
The blink frog hits you.
You miss the blink frog. Your headbutt misses the blink frog.
The blink frog is moderately wounded.
You feel sick. The blink frog closely misses you. You furiously retaliate!
You headbutt the blink frog! You miss the blink frog.
You headbutt the blink frog.
The blink frog is almost dead.
You feel sick.
The blink frog blinks! x2
The blink frog hits you but does no damage.
You completely miss the blink frog.
You feel sick.
You are no longer poisoned.
The blink frog blinks!
The blink frog barely misses you.
The blink frog blinks!
Your skin crawls.
You feel strong-willed. The blink frog misses you.
The blink frog hits you but does no damage.
You closely miss the blink frog. Your headbutt misses the blink frog.
The blink frog is moderately wounded.
The blink frog hits you!
* * * LOW HITPOINT WARNING * * *
The blink frog closely misses you. You furiously retaliate!
You headbutt the blink frog! The blink frog hits you!
* * * LOW HITPOINT WARNING * * *
You slash the blink frog! You burn the blink frog.
You kill the blink frog!
Trog accepts your kill. The blink frog hits you.
* * * LOW HITPOINT WARNING * * *
You slash the blink frog! You burn the blink frog! You headbutt the blink frog!
The blink frog is almost dead.
The blink frog blinks!
You block the blink frog's attack.
You slash the blink frog! You burn the blink frog.
You kill the blink frog!
Trog accepts your kill. The blink frog hits you!
You die...

. ##....†.#..#.. $.
########.P......##### ..$
#...................# ....
#...................#
.....##........(..........#
#...§....##########..#...#
####....###.# ##.....#
#...P.#..#.#.. ###..>#
###$..@....... #.....#
#...F.†...... #......
#............ ##.....#
.........#.#P## #.......
.......#.### # #......#
........### #.......
..####.#. ####P#.P ## #####


You could see a blink frog.

Vanquished Creatures
  An orc warlord (Bailey)
  A hydra (Lair:2)
  A boulder beetle (Lair:1)
  2 two-headed ogres
  Erica (D:8)
  A death yak (Lair:2)
  A guardian serpent (Lair:2)
  A cane toad (Lair:1)
  3 komodo dragons (Lair:1)
  The ghost of Namnaref the Cudgeller, a novice GrBe of Trog (D:5)
  A troll (D:10)
  A burning bush (Lair:1)
  A hornet (D:5)
  3 blink frogs (Lair:2)
  A vampire (D:9)
  A shadow (D:9)
  2 wyverns
  6 yaks (Lair:2)
  A steam dragon (D:9)
  A basilisk (Lair:1)
  Menkaure (D:6)
  4 water moccasins
  An acid dragon (D:8)
  2 black bears
  5 orc warriors
  A hornet zombie (D:8)
  A necrophage (D:6)
  3 sky beasts
  2 ice beasts
  9 wolves
  An ogre (D:4)
  3 centaurs
  2 phantoms
  5 kobold brigands
  5 bullfrogs
  2 wyvern zombies
  A scorpion (D:4)
  A water moccasin skeleton (D:5)
  11 killer bees
  8 wights
  2 howler monkeys
  2 electric eels (D:10)
  7 orc priests
  A jelly (D:6)
  2 centaur zombies
  5 hounds
  Crazy Yiuf (D:6)
  2 gnoll shamans
  A centaur skeleton (D:5)
  An iguana (D:5)
  Terence (D:2)
  6 orc wizards
  A killer bee zombie (D:6)
  Robin (D:3)
  2 howler monkey zombies
  7 gnolls
  8 adders
  A white imp (D:8)
  An ufetubus (D:4)
  An adder skeleton (D:5)
  3 dart slugs
  28 orcs
  9 ball pythons
  6 endoplasms
  3 giant cockroaches (D:3)
  25 goblins
  14 hobgoblins
  4 jackals (D:2)
  5 quokkas
  7 bats
  3 frilled lizards
  37 kobolds
  6 rats
302 creatures vanquished.

Vanquished Creatures (others)
  3 fungi
  2 plants (Lair:2)
5 creatures vanquished.

Grand Total: 307 creatures vanquished

Notes
Turn   | Place    | Note
-------+----------+-------------------------------------------
     0 | D:1      | Dirian the Minotaur Fighter began the quest for the Orb.
     0 | D:1      | Reached XP level 1. HP: 19/19 MP: 0/0
   165 | D:1      | Reached XP level 2. HP: 24/27 MP: 1/1
   243 | D:1      | Found Tisuefe's Jewellery Boutique.
   323 | D:1      | Reached skill level 1 in Dodging
   349 | D:1      | Reached skill level 3 in Long Blades
   350 | D:1      | Found a faded altar of an unknown god.
   490 | D:1      | Reached XP level 3. HP: 31/33 MP: 2/2
   951 | D:2      | Found a bloodstained altar of Trog.
  1145 | D:2      | Reached XP level 4. HP: 40/40 MP: 3/3
  1206 | D:2      | Noticed Terence
  1217 | D:2      | Killed Terence
  1607 | D:2      | Became a worshipper of Trog the Wrathful
  1633 | D:3      | Reached skill level 4 in Long Blades
  1737 | D:3      | Noticed Robin
  1742 | D:3      | Killed Robin
  1749 | D:3      | Reached XP level 5. HP: 40/46 MP: 4/4
  2362 | D:4      | Noticed a black bear
  2374 | D:4      | Killed a black bear
  2375 | D:4      | Reached skill level 1 in Slings
  2483 | D:4      | Noticed an ogre
  2491 | D:4      | Killed an ogre
  2492 | D:4      | Reached skill level 5 in Long Blades
  2492 | D:4      | Reached XP level 6. HP: 40/53 MP: 5/5
  2502 | D:4      | Found Dutaanir's General Store.
  2648 | D:4      | Bought a scroll of identify for 24 gold pieces
  2749 | D:4      | Reached * piety under Trog
  3043 | D:4      | Found a sparkling altar of Nemelex Xobeh.
  3066 | D:4      | Reached XP level 7. HP: 54/60 MP: 6/6
  3309 | D:5      | Entered Level 5 of the Dungeon
  3383 | D:5      | Reached skill level 5 in Shields
  3419 | D:5      | Reached skill level 5 in Armour
  3485 | D:5      | Reached skill level 5 in Fighting
  3534 | D:5      | Reached skill level 6 in Long Blades
  3567 | D:5      | Noticed Namnaref's ghost (novice GrBe)
  3596 | D:5      | Found a transporter.
  3601 | D:5      | Found a transporter.
  3601 | D:5      | Noticed a hornet
  4003 | D:5      | Found a hazy altar of Hepliaklqana.
  4167 | D:6      | Reached XP level 8. HP: 59/69 MP: 7/7
  4229 | D:6      | Reached skill level 7 in Long Blades
  4235 | D:6      | Reached skill level 5 in Slings
  4743 | D:6      | Noticed Menkaure
  4747 | D:6      | Killed Menkaure
  4763 | D:6      | Found a runed translucent door.
  4764 | D:6      | Noticed Crazy Yiuf
  4936 | D:6      | Found a glowing silver altar of Zin.
  4967 | D:6      | Reached skill level 8 in Long Blades
  4972 | D:6      | Reached ** piety under Trog
  5202 | D:6      | Found a staircase to the Ecumenical Temple.
  5282 | D:6      | Found a sacrificial altar of Ru.
  5727 | D:6      | Killed Crazy Yiuf
  5728 | D:6      | Reached XP level 9. HP: 78/78 MP: 8/8
  5797 | D:7      | Found a flagged portal.
  5816 | D:7      | Reached skill level 5 in Dodging
  5866 | Bailey   | Entered a bailey
  5888 | Bailey   | Noticed an orc warlord
  6234 | Bailey   | Found a runed translucent gate.
  6234 | Bailey   | Found a runed translucent gate.
  6312 | Bailey   | Reached skill level 9 in Long Blades
  6319 | Bailey   | Found a runed translucent gate.
  6507 | Bailey   | Killed an orc warlord
  6508 | Bailey   | Reached skill level 10 in Long Blades
  6522 | Bailey   | Identified the +1 scale mail of Eclos {rPois rF+ MP+9
                  | Int+3}
  6530 | Bailey   | Reached XP level 10. HP: 35/86 MP: 9/9
  6903 | D:7      | Identified the +2 ring mail of Kion {rF+ MP+9}
  6908 | D:7      | Paralysed by an orc for 2 turns
  7462 | D:7      | Identified the +2 scale mail "Jogofih" {Dex+7}
  7660 | D:8      | Noticed Erica
  7748 | D:8      | Killed Erica
  7749 | D:8      | Reached XP level 11. HP: 94/94 MP: 10/10
  8305 | D:8      | Noticed a two-headed ogre
  8314 | D:8      | Killed a two-headed ogre
  8602 | D:9      | Found a radiant altar of Vehumet.
  8779 | D:9      | Reached *** piety under Trog
  9432 | D:10     | Entered Level 10 of the Dungeon
  9732 | D:5      | Reached skill level 11 in Long Blades
  9747 | D:5      | Killed Namnaref's ghost
 10161 | D:10     | Noticed a two-headed ogre
 10171 | D:10     | Killed a two-headed ogre
 10259 | D:10     | Found a staircase to the Lair.
 10492 | D:10     | Reached **** piety under Trog
 10692 | Lair:1   | Entered Level 1 of the Lair of Beasts
 10706 | Lair:1   | Reached skill level 10 in Slings
 11289 | Lair:1   | Reached skill level 12 in Long Blades
 11545 | Lair:1   | Noticed a boulder beetle
 11556 | Lair:1   | Killed a boulder beetle
 11985 | Lair:2   | Reached XP level 12. HP: 104/104 MP: 11/11
 12101 | Lair:2   | Reached skill level 1 in Evocations
 12213 | Lair:2   | Noticed a four-headed hydra
 12223 | Lair:2   | Killed a one-headed hydra
 12360 | Lair:2   | Found a staircase to the Snake Pit.
 12392 | Lair:2   | Noticed a death yak
 12414 | Lair:2   | Killed a death yak
 12569 | Lair:2   | HP: 4/105 [blink frog (5)]
 12571 | Lair:2   | Mangled by a blink frog

Illustrated notes

Levels and vault maps discovered:
D:1:      saegor_arrival_under_anarchy, layout_loops_ring,
          hellmonk_ecumenical_altar_lost_god, serial_shops,
          nicolae_shop_temple_entry_statues_fountains, st_stairs_14,
          minmay_cupped
D:2:      layout_basic, basic_altar, chequers_serial_rivers_small_a,
          uniq_terence
D:3:      layout_rooms, serial_bayou_ford_a, minmay_randomly_rotated_circles,
          uniq_robin
D:4:      layout_basic, kennysheep_mini_moat, serial_shops, nicolae_diamond_shop
D:5:      layout_rooms, nicolae_hepliaklqana_hippocampus, gammafunk_ghost_hive,
          corner_web_ring, grunt_decor_mini_mirrors
D:6:      layout_basic, nicolae_ru_path_of_blood, zin_scriptorium, temple_hall,
          nicolae_figureground_pulse, uniq_crazy_yiuf_cottage, uniq_menkaure
D:7:      layout_basic, enter_bailey_2, kennysheep_windowed_goal
D:8:      layout_loops_ring, uniq_erica
D:9:      layout_grid_maze, fiery_altar_vehumet, minmay_statues_item
D:10:     layout_roguey, erik_lair_island
Lair:1:   layout_big_grid, evilmike_ambush [evilmike_ambush_outer_basic,
          evilmike_ambush_inner_cross]
Lair:2:   layout_cellular_growth, minmay_shoals_entry_beasts,
          minmay_snake_entry_spellcaster, special_room [special_room_bee],
          beast_lair_carwin_3

Skill      XL: |  1  2  3  4  5  6  7  8  9 10 11 12 |
---------------+-------------------------------------+-----
Dodging        | 1 2 3 4 9 |  9.2
Long Blades    | 3 4 5 6 8 10 12 | 12.3
Shields        | 4 5 9 |  9.8
Armour         | 4 5 6 8 9 |  9.5
Fighting       | 4 5 6 7 9 |  9.6
Slings         | 1 2 4 6 8 10 | 10.0
Evocations     | 2 |  2.7

Action                   |  1- 3 |  4- 6 |  7- 9 | 10-12 || total
-------------------------+-------+-------+-------+-------++-------
Melee: Long sword        |    91 |   126 |   262 |    59 ||   538
       Headbutt          |     8 |    23 |    45 |    63 ||   139
       Scimitar          |       |       |       |   283 ||   283
Throw: Stone             |       |    10 |       |    63 ||    73
Invok: Berserk           |       |       |     4 |     4 ||     8
       Trog's Hand       |       |       |     1 |     5 ||     6
  Use: Scroll            |       |     7 |    10 |     4 ||    21
       Potion            |       |       |     1 |       ||     1
Armor: Scale mail        |    66 |    31 |       |    13 ||   110
       Chain mail        |       |    35 |   109 |   108 ||   252
Dodge: Dodged            |    46 |    61 |    79 |   183 ||   369
       Repelled          |       |       |       |     8 ||     8
Block: Buckler           |    27 |    41 |    45 |   123 ||   236
